Map: Simulacrum LE

Players

Dark - Winner!

  • Race: Zerg Zerg
  • Spawn Location: 11:00

Solar

  • Race: Zerg Zerg
  • Spawn Location: 5:00

Event: IEM Katowice 2020

VOD

Have the link to the VOD?

Description

Time

  • Played on: Feb. 29, 2020, 8:14 a.m.
  • Length: 5:12

All games in this series

Show
View Real Time Build Order
Export as new Build Order

Dark Zerg - Winner!

Build Orders: Hatch First, Zergling Baneling 

Get SALT Encoding   

  12  0:00  Drone  
  13  0:12  Overlord  
  13  0:17  Drone  
  14  0:30  Drone x2  
  16  0:48  Hatchery  
  15  0:52  Drone  
  15  0:55  Drone  
  17  0:59  Drone  
  18  1:11  Extractor  
  17  1:14  Spawning Pool  
  17  1:17  Drone  
  17  1:20  Drone  
  18  1:28  Drone  
  19  1:38  Drone  
  20  1:51  Drone  
  21  2:01  Queen x2  
  23  2:03  Drone  
  23  2:05  Overlord  
  26  2:11  Drone  
  26  2:12  Drone  
  28  2:17  Metabolic Boost  
  28  2:24  Drone x2  
  30  2:33  Hatchery  
  30  2:37  Zergling x2  
  30  2:40  Drone  
  31  2:46  Queen  
  33  2:54  Baneling Nest  
  33  2:56  Overlord  
  32  2:58  Drone  
  32  3:04  Drone  
  32  3:05  Drone x2  
  36  3:14  Zergling x2  
  36  3:15  Zergling x6  
  40  3:20  Overlord  
  40  3:26  Drone x3  
  43  3:28  Drone  
  44  3:40  Drone x2  
  46  3:43  Extractor  
  46  3:44  Overlord  
  45  3:49  Drone  
  45  3:50  Drone  
  45  3:51  Zergling x8  
  51  3:56  Zergling x6  
  54  4:09  Zergling x6, Evolution Chamber  
  56  4:10  Baneling x2  
  55  4:17  Zergling x6  
  55  4:19  Baneling x2  
  58  4:26  Baneling x6  
  58  4:28  Zergling x2  
  58  4:29  Zergling x12  
  65  4:37  Zergling x2  
  66  4:40  Overlord  
  66  4:43  Baneling x2  
  66  4:44  Baneling x2  
Show
View Real Time Build Order
Export as new Build Order

Solar Zerg 

Build Orders: Hatch First 

Get SALT Encoding   

  12  0:01  Drone  
  13  0:12  Overlord  
  13  0:17  Drone  
  14  0:31  Drone x2  
  16  0:49  Hatchery  
  15  0:51  Drone  
  15  0:55  Drone  
  17  0:58  Drone  
  18  1:09  Extractor  
  17  1:13  Spawning Pool  
  17  1:17  Drone  
  17  1:20  Drone  
  18  1:29  Drone  
  20  1:40  Drone  
  20  1:50  Overlord  
  20  2:00  Queen x2  
  24  2:03  Zergling x2, Drone  
  26  2:10  Metabolic Boost  
  26  2:13  Drone x2  
  28  2:23  Drone x2  
  30  2:35  Hatchery  
  29  2:39  Drone  
  29  2:40  Drone  
  31  2:48  Queen  
  33  2:56  Baneling Nest  
  32  2:58  Overlord  
  32  3:00  Drone  
  32  3:03  Zergling x2  
  32  3:05  Drone x2  
  36  3:18  Drone x5  
  41  3:20  Zergling x2  
  41  3:22  Zergling x2  
  43  3:27  Evolution Chamber  
  43  3:30  Overlord  
  43  3:32  Drone  
  43  3:38  Zergling x2  
  43  3:40  Baneling x2  
  44  3:47  Zergling x8  
  48  3:51  Zergling x4  
  49  3:58  Drone  
  49  3:59  Drone x2  
  49  4:01  Overlord  
  49  4:02  Drone  
  53  4:05  Drone  
  53  4:09  Drone  
  54  4:13  Drone  
  54  4:14  Drone  
  56  4:17  Drone  
  56  4:20  Drone  
  59  4:24  Extractor, Drone x3  
  59  4:25  Extractor  
  59  4:26  Drone  
  59  4:29  Drone  
  59  4:30  Zergling x2  
  62  4:32  Baneling  
  62  4:33  Zergling x4  
  62  4:36  Drone x2  
  66  4:41  Extractor  
  66  4:42  Overlord  
  66  4:43  Overlord  
  63  4:47  Overlord  
  63  4:51  Baneling x2  

Tags
 
Add a new tag
Caveats
  • Supply blocks, unpowered buildings, or Contaminate may cause inaccurate times.
  • Supply counts are checked every 10 seconds.